AoeStats
← CNZS_98T

Arabia

510426674Analyzed
1v1 RM · 2d ago on Oct 1, 2026· 32m 25s· 2 players
Game mode
Random Map
Map size
Tiny (2 player)
Population
200
Speed
Normal
Resources
Standard
Victory
Conquest
Starting age
Dark Age
Ending age
Imperial Age
RankedLock teamsTeams togetherTeam positionsShared explorationLock speedFull tech treeHidden civsTurbo modeCheats
Victory
Defeat
🇳🇱 Huns · Netherlands
2533
+4
🇩🇰 Turks · Denmark
2191
-4
CNZS_98T
6:57 Loom
9:53 Feudal Age
11:20 Double-Bit Axe
13:18 Horse Collar
20:17 Castle Age
18:07 Fishing Lines
18:53 Gold Mining
19:26 Bloodlines
19:48 Fletching
21:07 Wheelbarrow
21:06 Husbandry
21:16 Bow Saw
21:42 Gold Shaft Mining
21:33 Bodkin Arrow
21:45 Gillnets
23:02 Padded Archer Armor
24:34 Ballistics
25:01 Thumb Ring
25:14 Leather Archer Armor
27:08 Hand Cart
29:23 Heavy Plow
33:31 Imperial Age
DK | Kongen_42
7:31 Loom
9:48 Feudal Age
10:35 Double-Bit Axe
15:14 Wheelbarrow
20:25 Castle Age
19:21 Horse Collar
19:28 Fishing Lines
21:24 Scale Barding Armor
22:06 Husbandry
22:17 Bloodlines
22:28 Chain Barding Armor
22:22 Bow Saw
28:40 Forging
29:11 Gillnets
31:15 Gold Mining
31:56 Hand Cart
33:15 Ballistics
Connection lost

Rejoining the realm…

Still unreachable

The connection could not be restored.

Session expired

The server has moved on; the page needs a fresh start.